 Dungeon Crawl Stone Soup version 0.31.0-12-g77e489cdc1 (webtiles) character file.

Game seed: 95059963449444882

69 Doomgape the Trooper (level 4, -15/29 HPs)
             Began as a Gargoyle Fighter on Feb 23, 2024.
             Demolished by an ogre
             ... wielding a +0 giant club
              (20 damage)
             ... on level 3 of the Dungeon.
             The game lasted 00:04:00 (1535 turns).

Doomgape the Trooper (Gargoyle Fighter)             Turns: 1535, Time: 00:04:01

Health: -15/29     AC: 10    Str: 21    XL:     4   Next: 20%
Magic:  4/4        EV:  9    Int:  9    God:
Gold:   146        SH:  4    Dex:  9    Spells: 3/3 levels left

rFire   . . .        a - +1 flail
rCold   . . .        c - +0 buckler
rNeg    + . .        b - +0 scale mail
rPois   ∞            (no helmet)
rElec   +            (no cloak)
rCorr   .            (no gloves)
SInv    .            (no boots)
Will    .....        (no amulet) Stlth
                     (no ring)
HPRegen 0.24/turn    (no ring)
MPRegen 0.09/turn

%: no passive effects
@: mighty
A: sickness immunity, AC +3, negative energy resistance 1, electricity
resistance, torment resistance 1, petrification resistance
a: no special abilities


You were on level 3 of the Dungeon.
You visited 1 branch of the dungeon, and saw 3 of its levels.

You collected 146 gold pieces.

Inventory:

Hand Weapons
 a - a +1 flail (weapon)
Armour
 b - a +0 scale mail (worn)
 c - a +0 buckler (worn)
Jewellery
 e - a ring of protection from fire
Scrolls
 f - a scroll of noise {unknown}
 i - a scroll of enchant weapon
Potions
 g - a potion of heal wounds {unknown}
 h - a potion of lignification {unknown}
 j - a potion of ambrosia {unknown}
 k - a potion of enlightenment {unknown}


   Skills:
 + Level 3.9 Fighting
 + Level 2.7 Maces & Flails
 + Level 3.9 Armour
 + Level 3.9 Shields


You had 3 spell levels left.
You didn't know any spells.
Your spell library contained the following spells:

 Spells                   Type           Power      Damage    Failure   Level
 Apportation              Tloc           0%         N/A       78%         1
 Necrotise                Necr           0%         1d4       78%         1
 Sting                    Conj/Alch      0%         1d3       78%         1
 Summon Small Mammal      Summ           0%         N/A       78%         1


Dungeon Overview and Level Annotations

Branches:
Dungeon (3/15)

Altars:
Vehumet
Xom

Shops:
D:2 [

Annotations:
D:3 3 runed translucent doors, Anriel's ghost, amateur DgFE


Innate Abilities, Weirdness & Mutations

You are immune to sickness and miasma.
Your stone body is resilient. (AC +3)
You are immune to poison.
You resist negative energy. (rN+)
You are resistant to electric shocks. (rElec)
You are resistant to unholy torment.
You are immune to petrification.


Message History

The dart slug launches a dart at you. You block the slug dart.
You see here a +0 dagger.
You sock the dart slug!
The dart slug is severely wounded.
The dart slug bites you but does no damage.
You hit the dart slug.
You kill the dart slug!
No target in view!
No target in view!
Things that are here:
a +0 club; 5 stones; a kobold corpse You open the door.
Found a glowing sapphire potion and 31 gold pieces.
Found 13 gold pieces.
There is an open door here.
You now have 119 gold pieces (gained 17).
You now have 132 gold pieces (gained 13).
You now have 146 gold pieces (gained 14).
k - a glowing sapphire potion
There is an open door here.
You open the door.
A dart slug and an ogre come into view.
The dart slug launches a dart at you. You block the slug dart.
Found a fuming clear potion.
There is an open door here.
You hit the ogre.
The ogre is lightly wounded.
The ogre hits you with a +0 giant club!!
Ouch! That really hurt!
* * * LOW HITPOINT WARNING * * *
You feel very mighty all of a sudden. The ogre barely misses you.
Unknown command.
You sock the ogre!
The ogre is severely wounded.
The ogre hits you with a +0 giant club!!
Ouch! That really hurt!
You die...

#.# #(.#####.# #..# ##..### #.#
#..# #.## #.)... #.# #..# #.#
##.### ###.# ########## #.# #.#
#...# ......# #.# #.# #.#.# .w..#
#†# #.# #.#.# #+##
#!w####.######.### #.#.#
##..######O#..†.†......#..
########8..#..#.@.####...........
#.'..†....##..#...#....########.#
..#.).....##..#..####### .#
#.######8..#..'..## . #.#
####..####...# . #.#
#..#'##..#...# #>##
#....)...#..## ...# #........#))#
#..# #..####..'..#


You could see an ogre and a dart slug.

Vanquished Creatures
  An adder (D:2)
  A dart slug (D:3)
  A ribbon worm (D:2)
  An orc (D:3)
  2 ball pythons
  6 bats
  2 endoplasms
  5 giant cockroaches
  5 goblins
  7 hobgoblins
  3 jackals (D:2)
  6 kobolds
  2 quokkas
  3 frilled lizards
  3 rats
48 creatures vanquished.

Notes
Turn   | Place    | Note
-------+----------+-------------------------------------------
     0 | D:1      | Doomgape the Gargoyle Fighter began the quest for the Orb.
     0 | D:1      | Reached XP level 1. HP: 14/14 MP: 1/1
   191 | D:1      | Reached XP level 2. HP: 18/19 MP: 2/2
   229 | D:1      | Found a faded altar of an unknown god.
   697 | D:2      | Reached XP level 3. HP: 12/23 MP: 3/3
  1062 | D:2      | Found Nuoqem's Antique Armour Boutique.
  1170 | D:3      | Found a radiant altar of Vehumet.
  1179 | D:3      | Identified the +5 dagger of the Warrior {flame, Str+3}
  1312 | D:3      | Found a shimmering altar of Xom.
  1330 | D:3      | Found a runed translucent gate.
  1330 | D:3      | Found a runed translucent gate.
  1331 | D:3      | Found a runed translucent gate.
  1335 | D:3      | Noticed Anriel's ghost (amateur DgFE)
  1367 | D:3      | Reached XP level 4. HP: 29/29 MP: 4/4
  1530 | D:3      | Noticed an ogre
  1535 | D:3      | Demolished by an ogre

Illustrated notes

Levels and vault maps discovered:
D:1:      wheals_arrival_shading, layout_basic,
          hellmonk_ecumenical_altar_crossroads
D:2:      layout_rooms, serial_shops, nicolae_shop_pleasant_corner_grove
D:3:      minmay_chambers_of_twos, layout_loops_ring,
          nicolae_vehumet_altar_sigil, nicolae_overflow_hidden_temple,
          gammafunk_ghost_necromancy

Action                     |  1- 3 |  4- 6 || total
---------------------------+-------+-------++-------
  Melee: Flail             |   131 |    24 ||   155
    Use: Scroll            |     3 |       ||     3
         Potion            |       |     1 ||     1
 Armour: Scale mail        |   117 |    16 ||   133
  Dodge: Dodged            |    76 |    10 ||    86
  Block: Buckler           |    32 |     7 ||    39
